%YAML 1.1
%TAG !u! tag:unity3d.com,2011:
--- !u!1 &5793339421954281133
GameObject:
  m_ObjectHideFlags: 0
  m_CorrespondingSourceObject: {fileID: 0}
  m_PrefabInstance: {fileID: 0}
  m_PrefabAsset: {fileID: 0}
  serializedVersion: 6
  m_Component:
  - component: {fileID: 5793339421954281132}
  m_Layer: 0
  m_Name: Waypoints - 3
  m_TagString: Untagged
  m_Icon: {fileID: -5397416234189338067, guid: 0000000000000000d000000000000000, type: 0}
  m_NavMeshLayer: 0
  m_StaticEditorFlags: 0
  m_IsActive: 1
--- !u!4 &5793339421954281132
Transform:
  m_ObjectHideFlags: 0
  m_CorrespondingSourceObject: {fileID: 0}
  m_PrefabInstance: {fileID: 0}
  m_PrefabAsset: {fileID: 0}
  m_GameObject: {fileID: 5793339421954281133}
  m_LocalRotation: {x: 0, y: 0, z: 0, w: 1}
  m_LocalPosition: {x: -4.47, y: 0, z: 5.09}
  m_LocalScale: {x: 1, y: 1, z: 1}
  m_Children: []
  m_Father: {fileID: 5793339421977941615}
  m_RootOrder: 2
  m_LocalEulerAnglesHint: {x: 0, y: 0, z: 0}
--- !u!1 &5793339421977941612
GameObject:
  m_ObjectHideFlags: 0
  m_CorrespondingSourceObject: {fileID: 0}
  m_PrefabInstance: {fileID: 0}
  m_PrefabAsset: {fileID: 0}
  serializedVersion: 6
  m_Component:
  - component: {fileID: 5793339421977941615}
  m_Layer: 0
  m_Name: Waypoints - Group
  m_TagString: Untagged
  m_Icon: {fileID: 0}
  m_NavMeshLayer: 0
  m_StaticEditorFlags: 0
  m_IsActive: 1
--- !u!4 &5793339421977941615
Transform:
  m_ObjectHideFlags: 0
  m_CorrespondingSourceObject: {fileID: 0}
  m_PrefabInstance: {fileID: 0}
  m_PrefabAsset: {fileID: 0}
  m_GameObject: {fileID: 5793339421977941612}
  m_LocalRotation: {x: -0, y: -0, z: -0, w: 1}
  m_LocalPosition: {x: 0, y: 0, z: 0}
  m_LocalScale: {x: 1, y: 1, z: 1}
  m_Children:
  - {fileID: 5793339422133575850}
  - {fileID: 5793339423614572543}
  - {fileID: 5793339421954281132}
  m_Father: {fileID: 5793339423226020813}
  m_RootOrder: 1
  m_LocalEulerAnglesHint: {x: 0, y: 0, z: 0}
--- !u!1 &5793339422030368354
GameObject:
  m_ObjectHideFlags: 0
  m_CorrespondingSourceObject: {fileID: 0}
  m_PrefabInstance: {fileID: 0}
  m_PrefabAsset: {fileID: 0}
  serializedVersion: 6
  m_Component:
  - component: {fileID: 5793339422030368361}
  - component: {fileID: 5793339422030368356}
  - component: {fileID: 5793339422030368357}
  m_Layer: 0
  m_Name: NPC - Models
  m_TagString: Untagged
  m_Icon: {fileID: 0}
  m_NavMeshLayer: 0
  m_StaticEditorFlags: 0
  m_IsActive: 1
--- !u!4 &5793339422030368361
Transform:
  m_ObjectHideFlags: 0
  m_CorrespondingSourceObject: {fileID: 0}
  m_PrefabInstance: {fileID: 0}
  m_PrefabAsset: {fileID: 0}
  m_GameObject: {fileID: 5793339422030368354}
  m_LocalRotation: {x: 0, y: 0, z: 0, w: 1}
  m_LocalPosition: {x: 0, y: 0, z: 0}
  m_LocalScale: {x: 1, y: 1, z: 1}
  m_Children:
  - {fileID: 2062110821}
  - {fileID: 2080495547}
  - {fileID: 975086009}
  - {fileID: 79844232}
  - {fileID: 587441959}
  - {fileID: 1370031332}
  - {fileID: 6307500575684710157}
  m_Father: {fileID: 5793339423226020813}
  m_RootOrder: 0
  m_LocalEulerAnglesHint: {x: 0, y: 0, z: 0}
--- !u!136 &5793339422030368356
CapsuleCollider:
  m_ObjectHideFlags: 0
  m_CorrespondingSourceObject: {fileID: 0}
  m_PrefabInstance: {fileID: 0}
  m_PrefabAsset: {fileID: 0}
  m_GameObject: {fileID: 5793339422030368354}
  m_Material: {fileID: 0}
  m_IsTrigger: 1
  m_Enabled: 1
  m_Radius: 2
  m_Height: 1.7
  m_Direction: 1
  m_Center: {x: 0, y: 1, z: 0}
--- !u!114 &5793339422030368357
MonoBehaviour:
  m_ObjectHideFlags: 0
  m_CorrespondingSourceObject: {fileID: 0}
  m_PrefabInstance: {fileID: 0}
  m_PrefabAsset: {fileID: 0}
  m_GameObject: {fileID: 5793339422030368354}
  m_Enabled: 1
  m_EditorHideFlags: 0
  m_Script: {fileID: 11500000, guid: e44428129754e054c8afd0b3f1cbec22, type: 3}
  m_Name: 
  m_EditorClassIdentifier: 
  _agenteNavigator: {fileID: 0}
  waypointListStored: []
  homepointList: []
  npcModels:
  - {fileID: 2062470213}
  - {fileID: 2080787355}
  - {fileID: 974732697}
  - {fileID: 80072616}
  - {fileID: 587479815}
  - {fileID: 1370396868}
  - {fileID: 6684308276818089399}
  npcOldModels: []
  npcCanMove: 0
  canLookAt: 0
  isMasked: 1
--- !u!1 &5793339422133575851
GameObject:
  m_ObjectHideFlags: 0
  m_CorrespondingSourceObject: {fileID: 0}
  m_PrefabInstance: {fileID: 0}
  m_PrefabAsset: {fileID: 0}
  serializedVersion: 6
  m_Component:
  - component: {fileID: 5793339422133575850}
  m_Layer: 0
  m_Name: Waypoints - 1
  m_TagString: Untagged
  m_Icon: {fileID: -5397416234189338067, guid: 0000000000000000d000000000000000, type: 0}
  m_NavMeshLayer: 0
  m_StaticEditorFlags: 0
  m_IsActive: 1
--- !u!4 &5793339422133575850
Transform:
  m_ObjectHideFlags: 0
  m_CorrespondingSourceObject: {fileID: 0}
  m_PrefabInstance: {fileID: 0}
  m_PrefabAsset: {fileID: 0}
  m_GameObject: {fileID: 5793339422133575851}
  m_LocalRotation: {x: 0, y: 0, z: 0, w: 1}
  m_LocalPosition: {x: 0, y: 0, z: 0}
  m_LocalScale: {x: 1, y: 1, z: 1}
  m_Children: []
  m_Father: {fileID: 5793339421977941615}
  m_RootOrder: 0
  m_LocalEulerAnglesHint: {x: 0, y: 0, z: 0}
--- !u!1 &5793339423226020810
GameObject:
  m_ObjectHideFlags: 0
  m_CorrespondingSourceObject: {fileID: 0}
  m_PrefabInstance: {fileID: 0}
  m_PrefabAsset: {fileID: 0}
  serializedVersion: 6
  m_Component:
  - component: {fileID: 5793339423226020813}
  m_Layer: 0
  m_Name: NPC - Group
  m_TagString: Untagged
  m_Icon: {fileID: 0}
  m_NavMeshLayer: 0
  m_StaticEditorFlags: 0
  m_IsActive: 1
--- !u!4 &5793339423226020813
Transform:
  m_ObjectHideFlags: 0
  m_CorrespondingSourceObject: {fileID: 0}
  m_PrefabInstance: {fileID: 0}
  m_PrefabAsset: {fileID: 0}
  m_GameObject: {fileID: 5793339423226020810}
  m_LocalRotation: {x: 0, y: 0, z: 0, w: 1}
  m_LocalPosition: {x: 0, y: 0, z: 0}
  m_LocalScale: {x: 1, y: 1, z: 1}
  m_Children:
  - {fileID: 5793339422030368361}
  - {fileID: 5793339421977941615}
  m_Father: {fileID: 0}
  m_RootOrder: 0
  m_LocalEulerAnglesHint: {x: 0, y: 0, z: 0}
--- !u!1 &5793339423614572540
GameObject:
  m_ObjectHideFlags: 0
  m_CorrespondingSourceObject: {fileID: 0}
  m_PrefabInstance: {fileID: 0}
  m_PrefabAsset: {fileID: 0}
  serializedVersion: 6
  m_Component:
  - component: {fileID: 5793339423614572543}
  m_Layer: 0
  m_Name: Waypoints - 2
  m_TagString: Untagged
  m_Icon: {fileID: -5397416234189338067, guid: 0000000000000000d000000000000000, type: 0}
  m_NavMeshLayer: 0
  m_StaticEditorFlags: 0
  m_IsActive: 1
--- !u!4 &5793339423614572543
Transform:
  m_ObjectHideFlags: 0
  m_CorrespondingSourceObject: {fileID: 0}
  m_PrefabInstance: {fileID: 0}
  m_PrefabAsset: {fileID: 0}
  m_GameObject: {fileID: 5793339423614572540}
  m_LocalRotation: {x: 0, y: 0, z: 0, w: 1}
  m_LocalPosition: {x: 0, y: 0, z: 7.92}
  m_LocalScale: {x: 1, y: 1, z: 1}
  m_Children: []
  m_Father: {fileID: 5793339421977941615}
  m_RootOrder: 1
  m_LocalEulerAnglesHint: {x: 0, y: 0, z: 0}
--- !u!95 &2974902850152173409
Animator:
  serializedVersion: 3
  m_ObjectHideFlags: 0
  m_CorrespondingSourceObject: {fileID: 0}
  m_PrefabInstance: {fileID: 0}
  m_PrefabAsset: {fileID: 0}
  m_GameObject: {fileID: 6684308276818089399}
  m_Enabled: 1
  m_Avatar: {fileID: 9000000, guid: 155bc5eb0c8ed8844b8b52e6dba39ba4, type: 3}
  m_Controller: {fileID: 9100000, guid: 4704a1b9e006e564f9729fb141610e8b, type: 2}
  m_CullingMode: 1
  m_UpdateMode: 0
  m_ApplyRootMotion: 0
  m_LinearVelocityBlending: 0
  m_WarningMessage: 
  m_HasTransformHierarchy: 1
  m_AllowConstantClipSamplingOptimization: 1
  m_KeepAnimatorControllerStateOnDisable: 0
--- !u!1001 &79972612
PrefabInstance:
  m_ObjectHideFlags: 0
  serializedVersion: 2
  m_Modification:
    m_TransformParent: {fileID: 5793339422030368361}
    m_Modifications:
    - target: {fileID: 100012, guid: 7d96cb368161ed74cb0f24c1d04fb272, type: 3}
      propertyPath: m_Name
      value: Marta
      objectReference: {fileID: 0}
    - target: {fileID: 100012, guid: 7d96cb368161ed74cb0f24c1d04fb272, type: 3}
      propertyPath: m_IsActive
      value: 0
      objectReference: {fileID: 0}
    - target: {fileID: 400012, guid: 7d96cb368161ed74cb0f24c1d04fb272, type: 3}
      propertyPath: m_LocalPosition.x
      value: 0
      objectReference: {fileID: 0}
    - target: {fileID: 400012, guid: 7d96cb368161ed74cb0f24c1d04fb272, type: 3}
      propertyPath: m_LocalPosition.y
      value: 0
      objectReference: {fileID: 0}
    - target: {fileID: 400012, guid: 7d96cb368161ed74cb0f24c1d04fb272, type: 3}
      propertyPath: m_LocalPosition.z
      value: 0
      objectReference: {fileID: 0}
    - target: {fileID: 400012, guid: 7d96cb368161ed74cb0f24c1d04fb272, type: 3}
      propertyPath: m_LocalRotation.x
      value: 0
      objectReference: {fileID: 0}
    - target: {fileID: 400012, guid: 7d96cb368161ed74cb0f24c1d04fb272, type: 3}
      propertyPath: m_LocalRotation.y
      value: 0
      objectReference: {fileID: 0}
    - target: {fileID: 400012, guid: 7d96cb368161ed74cb0f24c1d04fb272, type: 3}
      propertyPath: m_LocalRotation.z
      value: 0
      objectReference: {fileID: 0}
    - target: {fileID: 400012, guid: 7d96cb368161ed74cb0f24c1d04fb272, type: 3}
      propertyPath: m_LocalRotation.w
      value: 1
      objectReference: {fileID: 0}
    - target: {fileID: 400012, guid: 7d96cb368161ed74cb0f24c1d04fb272, type: 3}
      propertyPath: m_RootOrder
      value: 3
      objectReference: {fileID: 0}
    - target: {fileID: 400012, guid: 7d96cb368161ed74cb0f24c1d04fb272, type: 3}
      propertyPath: m_LocalEulerAnglesHint.x
      value: 0
      objectReference: {fileID: 0}
    - target: {fileID: 400012, guid: 7d96cb368161ed74cb0f24c1d04fb272, type: 3}
      propertyPath: m_LocalEulerAnglesHint.y
      value: 0
      objectReference: {fileID: 0}
    - target: {fileID: 400012, guid: 7d96cb368161ed74cb0f24c1d04fb272, type: 3}
      propertyPath: m_LocalEulerAnglesHint.z
      value: 0
      objectReference: {fileID: 0}
    - target: {fileID: 9500000, guid: 7d96cb368161ed74cb0f24c1d04fb272, type: 3}
      propertyPath: m_Controller
      value: 
      objectReference: {fileID: 9100000, guid: 4704a1b9e006e564f9729fb141610e8b, type: 2}
    - target: {fileID: 9500000, guid: 7d96cb368161ed74cb0f24c1d04fb272, type: 3}
      propertyPath: m_Avatar
      value: 
      objectReference: {fileID: 9000000, guid: 7d96cb368161ed74cb0f24c1d04fb272, type: 3}
    - target: {fileID: 9500000, guid: 7d96cb368161ed74cb0f24c1d04fb272, type: 3}
      propertyPath: m_ApplyRootMotion
      value: 0
      objectReference: {fileID: 0}
    m_RemovedComponents: []
  m_SourcePrefab: {fileID: 100100000, guid: 7d96cb368161ed74cb0f24c1d04fb272, type: 3}
--- !u!1 &80072616 stripped
GameObject:
  m_CorrespondingSourceObject: {fileID: 100012, guid: 7d96cb368161ed74cb0f24c1d04fb272,
    type: 3}
  m_PrefabInstance: {fileID: 79972612}
  m_PrefabAsset: {fileID: 0}
--- !u!4 &79844232 stripped
Transform:
  m_CorrespondingSourceObject: {fileID: 400012, guid: 7d96cb368161ed74cb0f24c1d04fb272,
    type: 3}
  m_PrefabInstance: {fileID: 79972612}
  m_PrefabAsset: {fileID: 0}
--- !u!1001 &587578807
PrefabInstance:
  m_ObjectHideFlags: 0
  serializedVersion: 2
  m_Modification:
    m_TransformParent: {fileID: 5793339422030368361}
    m_Modifications:
    - target: {fileID: 100016, guid: 5e417d2ca12b03b4182b462d8d1584fd, type: 3}
      propertyPath: m_Name
      value: michael
      objectReference: {fileID: 0}
    - target: {fileID: 100016, guid: 5e417d2ca12b03b4182b462d8d1584fd, type: 3}
      propertyPath: m_IsActive
      value: 0
      objectReference: {fileID: 0}
    - target: {fileID: 400016, guid: 5e417d2ca12b03b4182b462d8d1584fd, type: 3}
      propertyPath: m_LocalPosition.x
      value: 0
      objectReference: {fileID: 0}
    - target: {fileID: 400016, guid: 5e417d2ca12b03b4182b462d8d1584fd, type: 3}
      propertyPath: m_LocalPosition.y
      value: 0
      objectReference: {fileID: 0}
    - target: {fileID: 400016, guid: 5e417d2ca12b03b4182b462d8d1584fd, type: 3}
      propertyPath: m_LocalPosition.z
      value: 0
      objectReference: {fileID: 0}
    - target: {fileID: 400016, guid: 5e417d2ca12b03b4182b462d8d1584fd, type: 3}
      propertyPath: m_LocalRotation.x
      value: 0
      objectReference: {fileID: 0}
    - target: {fileID: 400016, guid: 5e417d2ca12b03b4182b462d8d1584fd, type: 3}
      propertyPath: m_LocalRotation.y
      value: 0
      objectReference: {fileID: 0}
    - target: {fileID: 400016, guid: 5e417d2ca12b03b4182b462d8d1584fd, type: 3}
      propertyPath: m_LocalRotation.z
      value: 0
      objectReference: {fileID: 0}
    - target: {fileID: 400016, guid: 5e417d2ca12b03b4182b462d8d1584fd, type: 3}
      propertyPath: m_LocalRotation.w
      value: 1
      objectReference: {fileID: 0}
    - target: {fileID: 400016, guid: 5e417d2ca12b03b4182b462d8d1584fd, type: 3}
      propertyPath: m_RootOrder
      value: 4
      objectReference: {fileID: 0}
    - target: {fileID: 400016, guid: 5e417d2ca12b03b4182b462d8d1584fd, type: 3}
      propertyPath: m_LocalEulerAnglesHint.x
      value: 0
      objectReference: {fileID: 0}
    - target: {fileID: 400016, guid: 5e417d2ca12b03b4182b462d8d1584fd, type: 3}
      propertyPath: m_LocalEulerAnglesHint.y
      value: 0
      objectReference: {fileID: 0}
    - target: {fileID: 400016, guid: 5e417d2ca12b03b4182b462d8d1584fd, type: 3}
      propertyPath: m_LocalEulerAnglesHint.z
      value: 0
      objectReference: {fileID: 0}
    - target: {fileID: 9500000, guid: 5e417d2ca12b03b4182b462d8d1584fd, type: 3}
      propertyPath: m_Controller
      value: 
      objectReference: {fileID: 9100000, guid: 4704a1b9e006e564f9729fb141610e8b, type: 2}
    - target: {fileID: 9500000, guid: 5e417d2ca12b03b4182b462d8d1584fd, type: 3}
      propertyPath: m_Avatar
      value: 
      objectReference: {fileID: 9000000, guid: 5e417d2ca12b03b4182b462d8d1584fd, type: 3}
    - target: {fileID: 9500000, guid: 5e417d2ca12b03b4182b462d8d1584fd, type: 3}
      propertyPath: m_ApplyRootMotion
      value: 0
      objectReference: {fileID: 0}
    m_RemovedComponents: []
  m_SourcePrefab: {fileID: 100100000, guid: 5e417d2ca12b03b4182b462d8d1584fd, type: 3}
--- !u!1 &587479815 stripped
GameObject:
  m_CorrespondingSourceObject: {fileID: 100016, guid: 5e417d2ca12b03b4182b462d8d1584fd,
    type: 3}
  m_PrefabInstance: {fileID: 587578807}
  m_PrefabAsset: {fileID: 0}
--- !u!4 &587441959 stripped
Transform:
  m_CorrespondingSourceObject: {fileID: 400016, guid: 5e417d2ca12b03b4182b462d8d1584fd,
    type: 3}
  m_PrefabInstance: {fileID: 587578807}
  m_PrefabAsset: {fileID: 0}
--- !u!1001 &974699317
PrefabInstance:
  m_ObjectHideFlags: 0
  serializedVersion: 2
  m_Modification:
    m_TransformParent: {fileID: 5793339422030368361}
    m_Modifications:
    - target: {fileID: 100012, guid: 7f33f6798b6eedf43a13a796d9433323, type: 3}
      propertyPath: m_Name
      value: emmy
      objectReference: {fileID: 0}
    - target: {fileID: 100012, guid: 7f33f6798b6eedf43a13a796d9433323, type: 3}
      propertyPath: m_IsActive
      value: 0
      objectReference: {fileID: 0}
    - target: {fileID: 400012, guid: 7f33f6798b6eedf43a13a796d9433323, type: 3}
      propertyPath: m_LocalPosition.x
      value: 0
      objectReference: {fileID: 0}
    - target: {fileID: 400012, guid: 7f33f6798b6eedf43a13a796d9433323, type: 3}
      propertyPath: m_LocalPosition.y
      value: 0
      objectReference: {fileID: 0}
    - target: {fileID: 400012, guid: 7f33f6798b6eedf43a13a796d9433323, type: 3}
      propertyPath: m_LocalPosition.z
      value: 0
      objectReference: {fileID: 0}
    - target: {fileID: 400012, guid: 7f33f6798b6eedf43a13a796d9433323, type: 3}
      propertyPath: m_LocalRotation.x
      value: 0
      objectReference: {fileID: 0}
    - target: {fileID: 400012, guid: 7f33f6798b6eedf43a13a796d9433323, type: 3}
      propertyPath: m_LocalRotation.y
      value: 0
      objectReference: {fileID: 0}
    - target: {fileID: 400012, guid: 7f33f6798b6eedf43a13a796d9433323, type: 3}
      propertyPath: m_LocalRotation.z
      value: 0
      objectReference: {fileID: 0}
    - target: {fileID: 400012, guid: 7f33f6798b6eedf43a13a796d9433323, type: 3}
      propertyPath: m_LocalRotation.w
      value: 1
      objectReference: {fileID: 0}
    - target: {fileID: 400012, guid: 7f33f6798b6eedf43a13a796d9433323, type: 3}
      propertyPath: m_RootOrder
      value: 2
      objectReference: {fileID: 0}
    - target: {fileID: 400012, guid: 7f33f6798b6eedf43a13a796d9433323, type: 3}
      propertyPath: m_LocalEulerAnglesHint.x
      value: 0
      objectReference: {fileID: 0}
    - target: {fileID: 400012, guid: 7f33f6798b6eedf43a13a796d9433323, type: 3}
      propertyPath: m_LocalEulerAnglesHint.y
      value: 0
      objectReference: {fileID: 0}
    - target: {fileID: 400012, guid: 7f33f6798b6eedf43a13a796d9433323, type: 3}
      propertyPath: m_LocalEulerAnglesHint.z
      value: 0
      objectReference: {fileID: 0}
    - target: {fileID: 9500000, guid: 7f33f6798b6eedf43a13a796d9433323, type: 3}
      propertyPath: m_Controller
      value: 
      objectReference: {fileID: 9100000, guid: 4704a1b9e006e564f9729fb141610e8b, type: 2}
    - target: {fileID: 9500000, guid: 7f33f6798b6eedf43a13a796d9433323, type: 3}
      propertyPath: m_Avatar
      value: 
      objectReference: {fileID: 9000000, guid: 7f33f6798b6eedf43a13a796d9433323, type: 3}
    - target: {fileID: 9500000, guid: 7f33f6798b6eedf43a13a796d9433323, type: 3}
      propertyPath: m_ApplyRootMotion
      value: 0
      objectReference: {fileID: 0}
    m_RemovedComponents: []
  m_SourcePrefab: {fileID: 100100000, guid: 7f33f6798b6eedf43a13a796d9433323, type: 3}
--- !u!1 &974732697 stripped
GameObject:
  m_CorrespondingSourceObject: {fileID: 100012, guid: 7f33f6798b6eedf43a13a796d9433323,
    type: 3}
  m_PrefabInstance: {fileID: 974699317}
  m_PrefabAsset: {fileID: 0}
--- !u!4 &975086009 stripped
Transform:
  m_CorrespondingSourceObject: {fileID: 400012, guid: 7f33f6798b6eedf43a13a796d9433323,
    type: 3}
  m_PrefabInstance: {fileID: 974699317}
  m_PrefabAsset: {fileID: 0}
--- !u!1001 &1370431082
PrefabInstance:
  m_ObjectHideFlags: 0
  serializedVersion: 2
  m_Modification:
    m_TransformParent: {fileID: 5793339422030368361}
    m_Modifications:
    - target: {fileID: 100014, guid: 72d52ecd6df61334e93e01da7dacf6f1, type: 3}
      propertyPath: m_Name
      value: Verbenia
      objectReference: {fileID: 0}
    - target: {fileID: 100014, guid: 72d52ecd6df61334e93e01da7dacf6f1, type: 3}
      propertyPath: m_IsActive
      value: 0
      objectReference: {fileID: 0}
    - target: {fileID: 400014, guid: 72d52ecd6df61334e93e01da7dacf6f1, type: 3}
      propertyPath: m_LocalPosition.x
      value: 0
      objectReference: {fileID: 0}
    - target: {fileID: 400014, guid: 72d52ecd6df61334e93e01da7dacf6f1, type: 3}
      propertyPath: m_LocalPosition.y
      value: 0
      objectReference: {fileID: 0}
    - target: {fileID: 400014, guid: 72d52ecd6df61334e93e01da7dacf6f1, type: 3}
      propertyPath: m_LocalPosition.z
      value: 0
      objectReference: {fileID: 0}
    - target: {fileID: 400014, guid: 72d52ecd6df61334e93e01da7dacf6f1, type: 3}
      propertyPath: m_LocalRotation.x
      value: 0
      objectReference: {fileID: 0}
    - target: {fileID: 400014, guid: 72d52ecd6df61334e93e01da7dacf6f1, type: 3}
      propertyPath: m_LocalRotation.y
      value: 0
      objectReference: {fileID: 0}
    - target: {fileID: 400014, guid: 72d52ecd6df61334e93e01da7dacf6f1, type: 3}
      propertyPath: m_LocalRotation.z
      value: 0
      objectReference: {fileID: 0}
    - target: {fileID: 400014, guid: 72d52ecd6df61334e93e01da7dacf6f1, type: 3}
      propertyPath: m_LocalRotation.w
      value: 1
      objectReference: {fileID: 0}
    - target: {fileID: 400014, guid: 72d52ecd6df61334e93e01da7dacf6f1, type: 3}
      propertyPath: m_RootOrder
      value: 5
      objectReference: {fileID: 0}
    - target: {fileID: 400014, guid: 72d52ecd6df61334e93e01da7dacf6f1, type: 3}
      propertyPath: m_LocalEulerAnglesHint.x
      value: 0
      objectReference: {fileID: 0}
    - target: {fileID: 400014, guid: 72d52ecd6df61334e93e01da7dacf6f1, type: 3}
      propertyPath: m_LocalEulerAnglesHint.y
      value: 0
      objectReference: {fileID: 0}
    - target: {fileID: 400014, guid: 72d52ecd6df61334e93e01da7dacf6f1, type: 3}
      propertyPath: m_LocalEulerAnglesHint.z
      value: 0
      objectReference: {fileID: 0}
    - target: {fileID: 9500000, guid: 72d52ecd6df61334e93e01da7dacf6f1, type: 3}
      propertyPath: m_Controller
      value: 
      objectReference: {fileID: 9100000, guid: 4704a1b9e006e564f9729fb141610e8b, type: 2}
    - target: {fileID: 9500000, guid: 72d52ecd6df61334e93e01da7dacf6f1, type: 3}
      propertyPath: m_Avatar
      value: 
      objectReference: {fileID: 9000000, guid: 72d52ecd6df61334e93e01da7dacf6f1, type: 3}
    - target: {fileID: 9500000, guid: 72d52ecd6df61334e93e01da7dacf6f1, type: 3}
      propertyPath: m_ApplyRootMotion
      value: 0
      objectReference: {fileID: 0}
    m_RemovedComponents: []
  m_SourcePrefab: {fileID: 100100000, guid: 72d52ecd6df61334e93e01da7dacf6f1, type: 3}
--- !u!4 &1370031332 stripped
Transform:
  m_CorrespondingSourceObject: {fileID: 400014, guid: 72d52ecd6df61334e93e01da7dacf6f1,
    type: 3}
  m_PrefabInstance: {fileID: 1370431082}
  m_PrefabAsset: {fileID: 0}
--- !u!1 &1370396868 stripped
GameObject:
  m_CorrespondingSourceObject: {fileID: 100014, guid: 72d52ecd6df61334e93e01da7dacf6f1,
    type: 3}
  m_PrefabInstance: {fileID: 1370431082}
  m_PrefabAsset: {fileID: 0}
--- !u!1001 &2062502633
PrefabInstance:
  m_ObjectHideFlags: 0
  serializedVersion: 2
  m_Modification:
    m_TransformParent: {fileID: 5793339422030368361}
    m_Modifications:
    - target: {fileID: 100012, guid: 155bc5eb0c8ed8844b8b52e6dba39ba4, type: 3}
      propertyPath: m_Name
      value: bruna
      objectReference: {fileID: 0}
    - target: {fileID: 100012, guid: 155bc5eb0c8ed8844b8b52e6dba39ba4, type: 3}
      propertyPath: m_IsActive
      value: 0
      objectReference: {fileID: 0}
    - target: {fileID: 400012, guid: 155bc5eb0c8ed8844b8b52e6dba39ba4, type: 3}
      propertyPath: m_LocalPosition.x
      value: 0
      objectReference: {fileID: 0}
    - target: {fileID: 400012, guid: 155bc5eb0c8ed8844b8b52e6dba39ba4, type: 3}
      propertyPath: m_LocalPosition.y
      value: 0
      objectReference: {fileID: 0}
    - target: {fileID: 400012, guid: 155bc5eb0c8ed8844b8b52e6dba39ba4, type: 3}
      propertyPath: m_LocalPosition.z
      value: 0
      objectReference: {fileID: 0}
    - target: {fileID: 400012, guid: 155bc5eb0c8ed8844b8b52e6dba39ba4, type: 3}
      propertyPath: m_LocalRotation.x
      value: 0
      objectReference: {fileID: 0}
    - target: {fileID: 400012, guid: 155bc5eb0c8ed8844b8b52e6dba39ba4, type: 3}
      propertyPath: m_LocalRotation.y
      value: 0
      objectReference: {fileID: 0}
    - target: {fileID: 400012, guid: 155bc5eb0c8ed8844b8b52e6dba39ba4, type: 3}
      propertyPath: m_LocalRotation.z
      value: 0
      objectReference: {fileID: 0}
    - target: {fileID: 400012, guid: 155bc5eb0c8ed8844b8b52e6dba39ba4, type: 3}
      propertyPath: m_LocalRotation.w
      value: 1
      objectReference: {fileID: 0}
    - target: {fileID: 400012, guid: 155bc5eb0c8ed8844b8b52e6dba39ba4, type: 3}
      propertyPath: m_RootOrder
      value: 0
      objectReference: {fileID: 0}
    - target: {fileID: 400012, guid: 155bc5eb0c8ed8844b8b52e6dba39ba4, type: 3}
      propertyPath: m_LocalEulerAnglesHint.x
      value: 0
      objectReference: {fileID: 0}
    - target: {fileID: 400012, guid: 155bc5eb0c8ed8844b8b52e6dba39ba4, type: 3}
      propertyPath: m_LocalEulerAnglesHint.y
      value: 0
      objectReference: {fileID: 0}
    - target: {fileID: 400012, guid: 155bc5eb0c8ed8844b8b52e6dba39ba4, type: 3}
      propertyPath: m_LocalEulerAnglesHint.z
      value: 0
      objectReference: {fileID: 0}
    - target: {fileID: 9500000, guid: 155bc5eb0c8ed8844b8b52e6dba39ba4, type: 3}
      propertyPath: m_Controller
      value: 
      objectReference: {fileID: 9100000, guid: 4704a1b9e006e564f9729fb141610e8b, type: 2}
    - target: {fileID: 9500000, guid: 155bc5eb0c8ed8844b8b52e6dba39ba4, type: 3}
      propertyPath: m_Avatar
      value: 
      objectReference: {fileID: 9000000, guid: 155bc5eb0c8ed8844b8b52e6dba39ba4, type: 3}
    - target: {fileID: 9500000, guid: 155bc5eb0c8ed8844b8b52e6dba39ba4, type: 3}
      propertyPath: m_ApplyRootMotion
      value: 0
      objectReference: {fileID: 0}
    m_RemovedComponents: []
  m_SourcePrefab: {fileID: 100100000, guid: 155bc5eb0c8ed8844b8b52e6dba39ba4, type: 3}
--- !u!4 &2062110821 stripped
Transform:
  m_CorrespondingSourceObject: {fileID: 400012, guid: 155bc5eb0c8ed8844b8b52e6dba39ba4,
    type: 3}
  m_PrefabInstance: {fileID: 2062502633}
  m_PrefabAsset: {fileID: 0}
--- !u!1 &2062470213 stripped
GameObject:
  m_CorrespondingSourceObject: {fileID: 100012, guid: 155bc5eb0c8ed8844b8b52e6dba39ba4,
    type: 3}
  m_PrefabInstance: {fileID: 2062502633}
  m_PrefabAsset: {fileID: 0}
--- !u!1001 &2080886069
PrefabInstance:
  m_ObjectHideFlags: 0
  serializedVersion: 2
  m_Modification:
    m_TransformParent: {fileID: 5793339422030368361}
    m_Modifications:
    - target: {fileID: 100014, guid: 8d71ed0f619fcae44b66ca423ff1edf4, type: 3}
      propertyPath: m_Name
      value: Carlos
      objectReference: {fileID: 0}
    - target: {fileID: 100014, guid: 8d71ed0f619fcae44b66ca423ff1edf4, type: 3}
      propertyPath: m_IsActive
      value: 0
      objectReference: {fileID: 0}
    - target: {fileID: 400014, guid: 8d71ed0f619fcae44b66ca423ff1edf4, type: 3}
      propertyPath: m_LocalPosition.x
      value: 0
      objectReference: {fileID: 0}
    - target: {fileID: 400014, guid: 8d71ed0f619fcae44b66ca423ff1edf4, type: 3}
      propertyPath: m_LocalPosition.y
      value: 0
      objectReference: {fileID: 0}
    - target: {fileID: 400014, guid: 8d71ed0f619fcae44b66ca423ff1edf4, type: 3}
      propertyPath: m_LocalPosition.z
      value: 0
      objectReference: {fileID: 0}
    - target: {fileID: 400014, guid: 8d71ed0f619fcae44b66ca423ff1edf4, type: 3}
      propertyPath: m_LocalRotation.x
      value: 0
      objectReference: {fileID: 0}
    - target: {fileID: 400014, guid: 8d71ed0f619fcae44b66ca423ff1edf4, type: 3}
      propertyPath: m_LocalRotation.y
      value: 0
      objectReference: {fileID: 0}
    - target: {fileID: 400014, guid: 8d71ed0f619fcae44b66ca423ff1edf4, type: 3}
      propertyPath: m_LocalRotation.z
      value: 0
      objectReference: {fileID: 0}
    - target: {fileID: 400014, guid: 8d71ed0f619fcae44b66ca423ff1edf4, type: 3}
      propertyPath: m_LocalRotation.w
      value: 1
      objectReference: {fileID: 0}
    - target: {fileID: 400014, guid: 8d71ed0f619fcae44b66ca423ff1edf4, type: 3}
      propertyPath: m_RootOrder
      value: 1
      objectReference: {fileID: 0}
    - target: {fileID: 400014, guid: 8d71ed0f619fcae44b66ca423ff1edf4, type: 3}
      propertyPath: m_LocalEulerAnglesHint.x
      value: 0
      objectReference: {fileID: 0}
    - target: {fileID: 400014, guid: 8d71ed0f619fcae44b66ca423ff1edf4, type: 3}
      propertyPath: m_LocalEulerAnglesHint.y
      value: 0
      objectReference: {fileID: 0}
    - target: {fileID: 400014, guid: 8d71ed0f619fcae44b66ca423ff1edf4, type: 3}
      propertyPath: m_LocalEulerAnglesHint.z
      value: 0
      objectReference: {fileID: 0}
    - target: {fileID: 9500000, guid: 8d71ed0f619fcae44b66ca423ff1edf4, type: 3}
      propertyPath: m_Controller
      value: 
      objectReference: {fileID: 9100000, guid: 4704a1b9e006e564f9729fb141610e8b, type: 2}
    - target: {fileID: 9500000, guid: 8d71ed0f619fcae44b66ca423ff1edf4, type: 3}
      propertyPath: m_Avatar
      value: 
      objectReference: {fileID: 9000000, guid: 8d71ed0f619fcae44b66ca423ff1edf4, type: 3}
    - target: {fileID: 9500000, guid: 8d71ed0f619fcae44b66ca423ff1edf4, type: 3}
      propertyPath: m_ApplyRootMotion
      value: 0
      objectReference: {fileID: 0}
    m_RemovedComponents: []
  m_SourcePrefab: {fileID: 100100000, guid: 8d71ed0f619fcae44b66ca423ff1edf4, type: 3}
--- !u!4 &2080495547 stripped
Transform:
  m_CorrespondingSourceObject: {fileID: 400014, guid: 8d71ed0f619fcae44b66ca423ff1edf4,
    type: 3}
  m_PrefabInstance: {fileID: 2080886069}
  m_PrefabAsset: {fileID: 0}
--- !u!1 &2080787355 stripped
GameObject:
  m_CorrespondingSourceObject: {fileID: 100014, guid: 8d71ed0f619fcae44b66ca423ff1edf4,
    type: 3}
  m_PrefabInstance: {fileID: 2080886069}
  m_PrefabAsset: {fileID: 0}
--- !u!1001 &5765178339706743014
PrefabInstance:
  m_ObjectHideFlags: 0
  serializedVersion: 2
  m_Modification:
    m_TransformParent: {fileID: 5793339422030368361}
    m_Modifications:
    - target: {fileID: -8679921383154817045, guid: f2f325c6a15d4a241a5b381f6b86a178,
        type: 3}
      propertyPath: m_LocalPosition.x
      value: 0
      objectReference: {fileID: 0}
    - target: {fileID: -8679921383154817045, guid: f2f325c6a15d4a241a5b381f6b86a178,
        type: 3}
      propertyPath: m_LocalPosition.y
      value: 0
      objectReference: {fileID: 0}
    - target: {fileID: -8679921383154817045, guid: f2f325c6a15d4a241a5b381f6b86a178,
        type: 3}
      propertyPath: m_LocalPosition.z
      value: 0
      objectReference: {fileID: 0}
    - target: {fileID: -8679921383154817045, guid: f2f325c6a15d4a241a5b381f6b86a178,
        type: 3}
      propertyPath: m_LocalRotation.x
      value: 0
      objectReference: {fileID: 0}
    - target: {fileID: -8679921383154817045, guid: f2f325c6a15d4a241a5b381f6b86a178,
        type: 3}
      propertyPath: m_LocalRotation.y
      value: 0
      objectReference: {fileID: 0}
    - target: {fileID: -8679921383154817045, guid: f2f325c6a15d4a241a5b381f6b86a178,
        type: 3}
      propertyPath: m_LocalRotation.z
      value: 0
      objectReference: {fileID: 0}
    - target: {fileID: -8679921383154817045, guid: f2f325c6a15d4a241a5b381f6b86a178,
        type: 3}
      propertyPath: m_LocalRotation.w
      value: 1
      objectReference: {fileID: 0}
    - target: {fileID: -8679921383154817045, guid: f2f325c6a15d4a241a5b381f6b86a178,
        type: 3}
      propertyPath: m_RootOrder
      value: 6
      objectReference: {fileID: 0}
    - target: {fileID: -8679921383154817045, guid: f2f325c6a15d4a241a5b381f6b86a178,
        type: 3}
      propertyPath: m_LocalEulerAnglesHint.x
      value: 0
      objectReference: {fileID: 0}
    - target: {fileID: -8679921383154817045, guid: f2f325c6a15d4a241a5b381f6b86a178,
        type: 3}
      propertyPath: m_LocalEulerAnglesHint.y
      value: 0
      objectReference: {fileID: 0}
    - target: {fileID: -8679921383154817045, guid: f2f325c6a15d4a241a5b381f6b86a178,
        type: 3}
      propertyPath: m_LocalEulerAnglesHint.z
      value: 0
      objectReference: {fileID: 0}
    - target: {fileID: 919132149155446097, guid: f2f325c6a15d4a241a5b381f6b86a178,
        type: 3}
      propertyPath: m_Name
      value: Garoto@Walking
      objectReference: {fileID: 0}
    - target: {fileID: 919132149155446097, guid: f2f325c6a15d4a241a5b381f6b86a178,
        type: 3}
      propertyPath: m_IsActive
      value: 0
      objectReference: {fileID: 0}
    - target: {fileID: 6803485504608184137, guid: f2f325c6a15d4a241a5b381f6b86a178,
        type: 3}
      propertyPath: m_IsActive
      value: 0
      objectReference: {fileID: 0}
    - target: {fileID: 7643650738356970326, guid: f2f325c6a15d4a241a5b381f6b86a178,
        type: 3}
      propertyPath: m_IsActive
      value: 0
      objectReference: {fileID: 0}
    m_RemovedComponents: []
  m_SourcePrefab: {fileID: 100100000, guid: f2f325c6a15d4a241a5b381f6b86a178, type: 3}
--- !u!4 &6307500575684710157 stripped
Transform:
  m_CorrespondingSourceObject: {fileID: -8679921383154817045, guid: f2f325c6a15d4a241a5b381f6b86a178,
    type: 3}
  m_PrefabInstance: {fileID: 5765178339706743014}
  m_PrefabAsset: {fileID: 0}
--- !u!1 &6684308276818089399 stripped
GameObject:
  m_CorrespondingSourceObject: {fileID: 919132149155446097, guid: f2f325c6a15d4a241a5b381f6b86a178,
    type: 3}
  m_PrefabInstance: {fileID: 5765178339706743014}
  m_PrefabAsset: {fileID: 0}
